 BcadrenCrawl: Boulder Brew version 0.06-688-g08e91b2d95 (webtiles) character file.

Game seed: 1571702930797162236

44 pipel the Caster of Ruination (level 3, 0/4 HPs) Fairy Priest. Began on Dec 18, 2022. Was a Believer of Vehumet. Slain by an ooze (1 damage) ... on level 1 of the Dungeon. The game lasted 00:05:25 (970 turns).

pipel the Caster of Ruination (Fairy Priest)         Turns: 970, Time: 00:05:26

Health: 0/4        AC:  0    Str:  8    XL:     3 ^: 33
Magic:  3/3        EV: 20    Int: 19    God:    Vehumet [2* [61]]
Gold:   56         SH:  0    Dex: 14    Spells: 6/8 levels left

rFire    + + .     Slash    +   f - amulet of Ceufoy {Gourm rElec rPois rF++ Stlth-}
rCold    . . .     Pierce   +
rNeg     . . .     Bludgeon +
rCorr    . . .     Vision   .
rPois    +         Gourm    +
rElec    +         Faith    .
MR       .....     Spirit   .
HPRegen  0.11/turn Reflect  .
MPRegen  0.13/turn Harm     .
Stlth    +.........

@: glowing, slow
A: tiny, no armour or weapons, only one jewelry slot, no melee attacks, fairy
magic, fairy shield, decreased potion and divine healing, unfitting armour,
flight, slowness 1, STR +4, fairy light 1, insubstantial
a: Fly, Renounce Religion


You were on level 1 of the Dungeon.
You worshipped Vehumet.
Vehumet was pleased with you.
You were completely stuffed.

You visited 1 branch of the dungeon, and saw 2 of its levels.
You also visited: Temple.

You collected 56 gold pieces.

Inventory:

Jewellery
 d - a cursed ring of evasion {(Curse: rF-)}
 f - the amulet of Ceufoy (around core) {Gourm rElec rPois rF++ Stlth-}
   (You acquired it on level 1 of the Dungeon)

   [amulet of the gourmand]

   It allows you to eat raw meat even when not hungry.
   It greatly protects you from fire.
   It insulates you from electricity.
   It protects you from poison.
   It makes you less stealthy.
 h - an uncursed ring of strength
 j - a cursed amulet of the acrobat {(Curse: *Corrode)}
Scrolls
 e - 3 scrolls of enchantment
 g - a scroll of teleportation
 k - a scroll of attention
Potions
 b - a potion of haste
 c - a potion of curing
 i - a potion of heal wounds
 l - a potion of ambrosia
 n - a potion of mutation
Comestibles
 a - 2 rations
 m - 4 chunks of flesh


   Skills:
 + Level 2.7 Dodging
 - Level 1.4 Stealth
 + Level 3.3 Spellcasting
 + Level 1.3 Fire Magic
   Level 3.6 Invocations


You had 6 spell levels left.
You knew the following spells:

 Your Spells              Type           Power        Failure   Level  Hunger
a - Foxfire               Fire           8 (25)       9%          1    0
b - Flame Tongue          Fire           8 (30)       9%          1    0

Your spell library contained the following spells:

 Spells                   Type           Power        Failure   Level  Hunger
 Sandblast                Erth           3 (50)       14%         1    0


Dungeon Overview and Level Annotations

Branches:
Dungeon (2/8)

Altars:
The Shining One


Innate Abilities, Weirdness & Mutations

You are too small to use any gear.
You can wear a single ring or amulet completely around your body.
You are incapable of melee of any kind.
Your magic reserves are extremely low but spells that normally cost one mana are free and all other spells cost one mana.
You are extremely frail but all attacks that strike you do exactly one damage.
The effect of potions and godly healing effects is reduced to match your tiny health and magic reserves.
You are able to fly continuously.
You cover ground slowly.
You exude a bright light in a small radius around yourself.
Your insubstantial form grants resistance to all physical attack and full immunity to sticky flames, nets and constriction. (rPhysical+)
You are very strong. (STR +4)


Message History

You conjure some foxfire!
The ooze closely misses you.
Unknown command.
The foxfire hits the ooze (1).
The ooze is moderately wounded. (8/12) HP The foxfire hits the ooze but does no damage.
The ooze is moderately wounded. (8/12) HP
Casting: Foxfire (safe; 9% risk of failure)
Confirm with . or Enter, or press ? or * to list all spells.
You conjure some foxfire!
The ooze hits you (3).
Unknown command.
The foxfire hits the ooze (2).
The ooze is heavily wounded. (6/12) HP The foxfire hits the ooze (2).
The ooze is severely wounded. (4/12) HP The ooze hits you (4).
* * * LOW HITPOINT WARNING * * *
Casting: Foxfire (safe; 9% risk of failure)
Confirm with . or Enter, or press ? or * to list all spells.
You conjure some foxfire!
The ooze hits you (3).
You die...

.........#####.........?#
.........# #..........#
.........# #..........#
#....###.# #..........#
#....# #.# ##..........#
#....# #.#
#...........###### #....#
#.# #...........#....#
#....###.#
#...J*......#.##.#
#....'...#
#...@...#####.##.#
#....#####
#...*.........##.# #....#
#......#########.#
#....########......# #.#
#.................## #.#
##...#####################
#.# ###### #.............#
#.# # #.###########.# #.#
# #.# #.# #.#


You could see an ooze.

Vanquished Creatures
  A giant cockroach (D:1)
  A dart slug (D:1)
  2 leopard geckos (D:1)
  5 goblins (D:1)
  4 hobgoblins (D:1)
  2 kobolds (D:1)
  A ball python (D:1)
  7 bats (D:1)
  4 rats (D:1)
27 creatures vanquished.

Vanquished Creatures (others)
  70 foxfires (D:1)
70 creatures vanquished.

Grand Total: 97 creatures vanquished

Notes
Turn   | Place    | Note
-------+----------+-------------------------------------------
     0 | Start Te | pipel the Fairy Priest began the quest for the Orb.
     0 | Start Te | Reached XP level 1. HP: 3/3 MP: 3/3
     0 | Start Te | Found a sparkling altar of Nemelex Xobeh.
     1 | Start Te | Found a basalt altar of Yredelemnul.
     1 | Start Te | Found a white marble altar of Elyvilon.
     2 | Start Te | Found an iron altar of Okawaru.
     3 | Start Te | Found a glowing silver altar of Zin.
     3 | Start Te | Found a blossoming altar of Fedhas.
     4 | Start Te | Found a stormy altar of Qazlal.
     5 | Start Te | Became a worshipper of Vehumet
     5 | Start Te | Reached * piety under Vehumet
     5 | Start Te | Offered knowledge of Flame Tongue by Vehumet.
     5 | Start Te | Offered knowledge of Sandblast by Vehumet.
     5 | Start Te | Reached ** piety under Vehumet
    12 | D:1      | Connectivity tunneler affected
                  | sevenhm_arrival_forest_fort_small_6.
    12 | D:1      | Connectivity tunneler affected
                  | sevenhm_arrival_forest_fort_small_6.
    12 | D:1      | Connectivity tunneler affected
                  | sevenhm_arrival_forest_fort_small_6.
    12 | D:1      | Connectivity tunneler affected
                  | sevenhm_arrival_forest_fort_small_6.
    64 | D:1      | Reached skill level 1 in Spellcasting
   127 | D:1      | Reached XP level 2. HP: 3/3 MP: 3/3
   163 | D:1      | Learned a level 1 spell: Flame Tongue
   203 | D:1      | Identified a scroll of acquirement
   213 | D:1      | Got the amulet of Ceufoy {Gourm rElec rPois rF++ Stlth-}
   225 | D:1      | Found a glowing golden altar of the Shining One.
   330 | D:1      | Reached XP level 3. HP: 4/4 MP: 3/3
   894 | D:2      | Noticed a big kobold
   894 | D:2      | Noticed a big kobold
   949 | D:2      | Noticed a crocodile
   970 | D:1      | Slain by an ooze

Illustrated notes

Levels and vault maps discovered:
D:1:      sevenhm_arrival_forest_fort_small_6, layout_basic,
          kennysheep_generic_room_16
D:2:      layout_sewer

Skill      XL: |  1  2 |
---------------+-------+-----
Spellcasting   | 2 3 |  3.3
Dodging        | |  2.7
Stealth        | |  1.4
Fire Magic     | |  1.3
Invocations    | |  3.6

Action                   || total
-------------------------++-------
 Cast: Foxfire           ||    54
       Flame Tongue      ||    12
  Use: Scroll            ||     1
       Potion            ||     1
  Eat: Chunk             ||    21
Dodge: Dodged            ||    12
